 Dungeon Crawl Stone Soup version 0.30.0-10-gfe55d96785 (webtiles) character file.

Game seed: 9305857943794380134

539484 ragingrage the Champion of Chaos (level 25, -3/137 HPs)
             Began as a Vine Stalker Venom Mage on May 13, 2023.
             Was the Champion of Makhleb.
             Slain by an Orb Guardian (23 damage)
             ... on level 5 of the Realm of Zot.
             The game lasted 03:20:38 (72429 turns).

ragingrage the Champion of Chaos (VSVM)            Turns: 72429, Time: 03:20:38

Health: -3/137     AC: 25    Str:  9    XL:     25   Next: 93%
Magic:  0/37       EV: 20    Int: 20    God:    Makhleb [******]
Gold:   747        SH: 12    Dex: 25    Spells: 24/52 levels left

rFire   + + .        a - +9 quick blade (elec)
rCold   + + +        b - +3 buckler {rF+}
rNeg    + . .        t - +5 ring mail "Hoidd" {rPois Regen+ Str-3 Int+5}
rPois   +            E - +2 helmet of Absolutism {rC++}
rElec   +            x - +2 cloak {Will+}
rCorr   +            P - +2 pair of gloves {Dex+3}
SInv    .            I - +2 pair of boots {rampage}
Will    ++++.        Y - amulet of magic regeneration
Stlth   ++++++       Q - ring "Ixtimmu" {Fly rN+ Slay+2}
HPRegen 2.82/turn    X - +4 ring of slaying
MPRegen 0.65/turn

%: guardian spirit, rampage
@: mighty, resistant, wereblooded, flying
A: fangs 3, regeneration 2, magic shield, antimagic bite, no potion heal 2,
dopey 2, low MP 1, subdued magic 1
}: 3/15 runes: decaying, serpentine, abyssal
a: Renounce Religion, Minor Destruction, Lesser Servant of Makhleb, Major
Destruction, Greater Servant of Makhleb


You were on level 5 of the Realm of Zot.
You worshipped Makhleb.
Makhleb was exalted by your worship.
You visited 9 branches of the dungeon, and saw 46 of its levels.
You visited the Abyss 1 time.
You visited 1 bazaar.
You also visited: Volcano and Wizlab.

You collected 7435 gold pieces.
You spent 6688 gold pieces at shops.

Inventory:

Hand Weapons
 a - a +9 quick blade of electrocution (weapon)
Missiles
 f - 3 throwing nets
 T - 4 curare-tipped darts
Armour
 b - a +3 buckler of fire resistance (worn)
 t - the +5 ring mail "Hoidd" (worn) {rPois Regen+ Str-3 Int+5}
   (You found it on level 5 of the Lair of Beasts)

   Str:       It affects your strength (-3).
   Int:       It affects your intelligence (+5).
   rPois:     It protects you from poison.
   Regen:     It increases your rate of health regeneration.
 x - a +2 cloak of willpower (worn)
 E - the +2 helmet of Absolutism (worn) {rC++}
   (You found it on level 15 of the Dungeon)

   rC:        It greatly protects you from cold.
 I - a +2 pair of boots of rampaging (worn)
 P - a +2 pair of gloves of dexterity (worn)
Jewellery
 r - a ring of protection from fire
 G - the ring of Equivalence {rC+ rN++ Will+}
   (You took it off a deep elf blademaster on level 3 of the Elven Halls)

   [ring of protection from cold]

   rC:        It protects you from cold.
   rN:        It greatly protects you from negative energy.
   Will:      It increases your willpower.
 Q - the ring "Ixtimmu" (left hand) {Fly rN+ Slay+2}
   (You took it off a deep elf zephyrmancer on level 3 of the Elven Halls)

   [ring of positive energy]

   Slay:      It affects your accuracy & damage with ranged weapons and melee
   (+2).
   rN:        It protects you from negative energy.
   Fly:       It grants you flight.
 S - a ring of resist corrosion
 X - a +4 ring of slaying (right hand)
 Y - an amulet of magic regeneration (around neck)
Wands
 g - a wand of polymorph (6)
 y - a wand of acid (28)
 D - a wand of paralysis (37)
 M - a wand of roots (37)
 N - a wand of digging (10)
 O - a wand of mindburst (43)
 Z - a wand of flame (82)
Scrolls
 i - 5 scrolls of fear
 l - 19 scrolls of teleportation
 m - 2 scrolls of blinking
 o - 10 scrolls of immolation
 p - 5 scrolls of fog
 q - 13 scrolls of poison
 z - 2 scrolls of summoning
 A - 5 scrolls of enchant armour
 B - 9 scrolls of vulnerability
 W - 6 scrolls of silence
Potions
 c - 9 potions of attraction
 e - 4 potions of berserk rage
 h - 5 potions of magic
 j - 11 potions of flight
 u - 18 potions of curing
 v - a potion of might
 w - 9 potions of haste
 C - 5 potions of lignification
 F - 2 potions of resistance
 K - 7 potions of mutation
 R - 5 potions of cancellation
 U - 3 potions of ambrosia
 V - 11 potions of brilliance
Miscellaneous
 d - a condenser vane (inert)
 s - a lightning rod (4/4)
 J - a phial of floods
 L - a phantom mirror (inert)


   Skills:
 - Level 16.0 Fighting
 - Level 13.0 Short Blades
 - Level 9.5 Armour
 - Level 14.0 Dodging
 - Level 16.0 Stealth
 + Level 14.8 Shields
 - Level 14.0 Spellcasting
 - Level 3.0 Conjurations
 - Level 5.0 Hexes
 - Level 7.0 Translocations
 - Level 8.0 Transmutations
 - Level 4.0 Fire Magic
 - Level 5.0 Air Magic
 - Level 4.0 Earth Magic
 - Level 11.0 Poison Magic
 - Level 17.0 Invocations
 - Level 16.0 Evocations


You had 24 spell levels left.
You knew the following spells:

 Your Spells              Type           Power      Damage    Failure   Level
a - Wereblood             Tmut           35%        N/A       1%          2
b - Mephitic Cloud        Conj/Pois/Air  30%        N/A       2%          3
c - Vhi's Electric Charg  Tloc/Air       58%        N/A       2%          3
d - Poisonous Vapours     Pois/Air       70%        N/A       1%          2
e - Olgreb's Toxic Radia  Pois           44%        N/A       1%          4
f - Ignite Poison         Fire/Tmut/Pois 34%        N/A       1%          3
g - Blink                 Tloc           64%        N/A       1%          2
h - Lesser Beckoning      Tloc           64%        N/A       1%          2
i - Passwall              Tmut/Erth      24%        N/A       1%          2
j - Yara's Violent Unrav  Hex/Tmut       15%        3d8       21%         5

Your spell library contained the following spells:

 Spells                   Type           Power      Damage    Failure   Level
 Beastly Appendage        Tmut           70%        N/A       1%          1
 Sandblast                Erth           46%        2d11      1%          1
 Slow                     Hex            100%       N/A       1%          1
 Sting                    Tmut/Pois      100%       1d8       1%          1
 Momentum Strike          Conj/Tloc      52%        3d9       1%          2
 Spider Form              Tmut/Pois      40%        N/A       1%          3
 Foxfire                  Conj/Fire      84%        2x1d8     2%          1
 Static Discharge         Conj/Air       46%        2-4/arc   2%          2
 Portal Projectile        Hex/Tloc       58%        N/A       2%          3
 Confusing Touch          Hex            26%        N/A       3%          3
 Tukima's Dance           Hex            26%        N/A       3%          3
 Volatile Blastmotes      Fire/Tloc      54%        2d14      3%          3
 Inner Flame              Hex/Fire       24%        N/A       4%          3
 Kiss of Death            Conj/Necr      60%        2d10      5%          1
 Manifold Assault         Tloc           32%        N/A       5%          4
 Dazzling Flash           Conj/Hex       46%        N/A       6%          3
 Stone Arrow              Conj/Erth      42%        3d9       7%          3
 Blade Hands              Tmut           17%        N/A       11%         5
 Summon Guardian Golem    Hex/Summ       18%        N/A       12%         3
 Cause Fear               Hex            13%        N/A       13%         4
 Iskenderun's Mystic Bla  Conj/Tloc      26%        2d7       13%         4
 Sublimation of Blood     Necr           10%        N/A       16%         2
 Hailstorm                Conj/Ice       15%        3d5       17%         3
 Fulminant Prism          Conj/Hex       11%        3d8       21%         4
 Ice Form                 Ice/Tmut       23%        N/A       21%         4
 Sticky Flame             Conj/Fire      21%        2d4       26%         4
 Frozen Ramparts          Ice            20%        1d4       32%         3
 Ozocubu's Armour         Ice            10%        N/A       32%         3
 Vampiric Draining        Necr           10%        2d6       32%         3
 Eringya's Noxious Bog    Tmut/Pois      20%        N/A       32%         6
 Anguish                  Hex/Necr       9%         N/A       36%         4
 Summon Lightning Spire   Summ/Air       18%        N/A       36%         4
 Silence                  Hex/Air        13%        N/A       36%         5
 Arcjolt                  Conj/Air       11%        1d21      52%         5
 Lee's Rapid Deconstruct  Erth           11%        3d8*      52%         5
 Fireball                 Conj/Fire      10%        3d6       58%         5
 Summon Forest            Summ/Tloc      10%        N/A       58%         5
 Iskenderun's Battlesphe  Conj           20%        2d7       67%         5
 Dispersal                Tloc           16%        N/A       69%         6
 Animate Dead             Necr           10%        N/A       73%         4
 Dispel Undead            Necr           10%        3d9       73%         4
 Summon Ice Beast         Ice/Summ       10%        N/A       73%         4
 Summon Mana Viper        Hex/Summ       18%        N/A       73%         5
 Borgnjor's Vile Clutch   Necr/Erth      8%         N/A       80%         5
 Plasma Beam              Fire/Air       12%        2x1d25    96%         6
 Agony                    Necr           10%        N/A       97%         5
 Conjure Ball Lightning   Conj/Air       11%        3x3d6     98%         6
 Dragon Form              Tmut           17%        N/A       98%         7
 Iron Shot                Conj/Erth      10%        9d3       99%         6
 Starburst                Conj/Fire      10%        6d5       99%         6
 Death Channel            Necr           5%         N/A       100%        6
 Simulacrum               Ice/Necr       5%         N/A       100%        6
 Enfeeble                 Hex            13%        N/A       100%        7
 Monstrous Menagerie      Summ           5%         N/A       100%        7
 Orb of Destruction       Conj           10%        9d6       100%        7
 Ozocubu's Refrigeration  Ice            5%         4d8       100%        7
 Spellforged Servitor     Conj/Summ      7%         N/A       100%        7
 Storm Form               Tmut/Air       15%        N/A       100%        7
 Summon Hydra             Summ           5%         N/A       100%        7
 Disjunction              Tloc           16%        N/A       100%        8
 Ignition                 Fire           11%        3d5       100%        8
 Maxwell's Capacitive Co  Air            13%        ∞         100%        8
 Chain Lightning          Conj/Air       11%        3d15      100%        9
 Dragon's Call            Summ           5%         N/A       100%        9


Dungeon Overview and Level Annotations

Branches:
Dungeon (15/15)            Temple (0/1) D:5            Lair (5/5) D:11
  Swamp (4/4) Lair:2        Snake (4/4) Lair:2        Slime (0/5) Lair:4
    Orc (2/2) D:11            Elf (3/3) Orc:2        Vaults (4/5) D:14
  Crypt (0/3) Vaults:3     Depths (4/4) D:15            Zot (5/5) Depths:4
Volcano (visited)          WizLab (visited)

Altars:
Fedhas
Gozag
Kikubaaqudgha
Makhleb
Ru
Sif Muna
Uskayaw
Yredelemnul

Shops:
Orc:1 ?=(:   Orc:2 [[=(   Elf:2 [(*(   Elf:3 ![*[   Snake:3 *   Vaults:3 *

Portals:
Hell: Depths:1 Depths:2 Depths:3
Abyss: Depths:3
Pandemonium: Depths:2
Ziggurat: Depths:2

Annotations:
D:3 exclusion: 2 downstairs
D:7 exclusion: 2 downstairs
D:9 1 runed translucent door, exclusion: upstairs
D:13 3 runed translucent doors, Lyung's ghost, journeyman DsCj
Lair:4 exclusions: downstairs and 6 more exclusions
Swamp:1 exclusion: downstairs
Snake:4 3 runed translucent doors, Sagen's ghost, adept DrCj; bungle's ghost, adept DjCj; mif's ghost, journeyman MiBe; wjtupper's ghost, adept MiHu
Elf:2 3 runed translucent doors
Depths:1 exclusion: downstairs
Depths:2 exclusions: daeva and 3 more exclusions
Depths:4 exclusion: hellion
Zot:3 exclusion: downstairs
Zot:5 2 exclusions


Innate Abilities, Weirdness & Mutations

You have razor-sharp teeth.
You heal very quickly.
When hurt, damage is shared between your health and your magic reserves.
Your bite disrupts and absorbs the magic of your enemies.
Potions cannot restore your health.
You are very dopey. (Int -4)
Your magical capacity is low. (-10% MP)
Your spells are a little easier to cast, but a little less powerful.


Message History

You closely miss the orb of fire. Your bite misses the orb of fire.
The orb of fire falters for a moment.
Your balrug hits the orb of fire but does no damage.
You puncture the orb of fire!
You feel a bit better.
You destroy the orb of fire!
Makhleb accepts your kill.
You feel better.
The Orb Guardian hits you but does no damage.
The electric golem misses you.
The electric golem completely misses you.
The electric golem barely misses you.
The electric golem hits you but does no damage.
The Orb Guardian closely misses you. The Orb Guardian hits you!! x2
You feel your dexterity returning.
You hit the electric golem. Your bite misses the electric golem.
You closely miss the electric golem. Your bite misses the electric golem.
Your balrug hits the Orb Guardian with a +2 demon whip of electrocution!
The Orb Guardian is engulfed in flames!!
The Orb Guardian completely misses you. You block the electric golem's attack.
The electric golem misses you. The electric golem closely misses you.
You block the electric golem's attack. The Orb Guardian hits your balrug!!
You puncture the Orb Guardian! You bite the Orb Guardian.
You feel a bit better.
You kill the Orb Guardian!
Makhleb accepts your kill.
You feel better. The Orb Guardian hits you!! x2
* * * LOW HITPOINT WARNING * * *
You closely miss the electric golem. Your bite misses the electric golem.
Your balrug hits the Killer Klown but does no damage.
The electric golem hits you!
* * * LOW HITPOINT WARNING * * *
The electric golem shocks you. You resist.
* * * LOW HITPOINT WARNING * * *
The electric golem hits you.
* * * LOW HITPOINT WARNING * * *
The electric golem shocks you. You resist.
* * * LOW HITPOINT WARNING * * *
The electric golem completely misses you.
You block the electric golem's attack. The Orb Guardian hits you!!
You die...

###.########▓▓▓▓################▓
..^....^...# ##..........,,,,**
..........## ##...............,*
..........# ##........^.....^..,
.........## #..............^....
........)# #..[.........^...^..
.........## #...^...............
..).(.....# #.2pX...............
.........†## #..@X..).)..........
...........###..9X...............
#########...###.§................
##....##.......^........#
###...)........§§.....##
#▓▓▓▓▓▓▓▓▓▓▓##8X...▓▓
****,,,......^.....▓▓
***,,,,,,.............▓
**,,^,,,,,..............


You could see a Killer Klown (ally target), an electric golem (magic disrupted),
3 Orb Guardians and a friendly balrug (summoned).

Vanquished Creatures
  A dread lich (Zot:5)
  3 ancient liches (Zot:5)
  4 orbs of fire
  Mara (Depths:3)
  2 juggernauts
  Parghit (Zot:3)
  3 Killer Klowns (Zot:5)
  the Lernaean hydra (Swamp:4)
  Xtahua (Depths:4)
  Saint Roka (Orc:2)
  2 caustic shrikes
  10 golden dragons
  Nikola (Snake:1)
  2 electric golems
  16 Orb Guardians (Zot:5)
  Jorgrun (Orc:2)
  Mlioglotl (Swamp:1)
  Cloud Mage (WizLab)
  13 tentacled monstrosities
  3 deep elf blademasters (Elf:3)
  A titan (Depths:1)
  3 deep elf master archers (Elf:3)
  2 liches
  5 quicksilver dragons
  2 walking divine tomes (Depths:1)
  2 tentacled starspawn (Abyss:3)
  A kraken (Abyss:3)
  4 tengu reavers
  6 death cobs
  Kirke (Swamp:1)
  4 sphinxes
  11 storm dragons
  Frances (Swamp:1)
  5 shadow dragons
  A thorn hunter (Swamp:3)
  A revenant (Vaults:3)
  Donald (Swamp:1)
  7 draconian monks
  2 nagarajas (Snake:4)
  7 vault wardens
  10 frost giants
  An emperor scorpion (Depths:1)
  9 deep elf sorcerers
  7 fire giants
  5 draconian knights
  6 draconian scorchers
  2 iron dragons
  Louise (Swamp:1)
  A ghost moth (Zot:4)
  2 orc warlords
  3 ghouls
  3 deep elf elementalists (Elf:3)
  A draconian stormcaller (Depths:4)
  12 ironbound preservers
  2 war gargoyles
  17 stone giants
  A draconian annihilator (Zot:3)
  3 spriggan defenders
  4 draconian shifters
  21 very ugly things
  Nessos (D:15)
  4 ironbound thunderhulks
  4 black draconians
  3 green draconians
  6 eleionomae
  3 vampire knights
  4 white draconians
  7 purple draconians
  Azrael (D:14)
  8 yellow draconians
  4 bunyips
  10 deep elf demonologists
  9 deep elf annihilators (Elf:3)
  15 dire elephants
  9 spark wasps
  6 red draconians
  3 blizzard demons (WizLab)
  9 fire dragons
  A merfolk javelineer (Depths:2)
  10 yaktaur captains
  A crystal guardian (Vaults:4)
  13 ettins
  2 deep elf death magi (Elf:3)
  A shambling mangrove (Abyss:3)
  2 great orbs of eyes
  10 deep elf high priests (Elf:3)
  2 merfolk impalers
  Fannar (D:10)
  4 salamander tyrants
  2 ice dragons
  4 rakshasas
  3 catoblepae
  7 spriggan air magi
  6 vault guards
  2 peacekeepers (Vaults:4)
  15 hydras
  8 ghost crabs
  An ogre mage (D:15)
  4 boulder beetles
  3 hell beasts (Depths:1)
  11 ironbound frosthearts
  19 anacondas
  6 death yaks (Lair:4)
  6 centaur warriors
  A death knight (D:13)
  22 dancing weapons
  5 alligators
  13 naga warriors
  7 two-headed ogres
  A thrashing horror (Abyss:3)
  4 deep troll earth magi
  3 vampire magi
  4 deep troll shamans
  5 tengu warriors
  A hell knight (Depths:3)
  10 shock serpents
  9 naga sharpshooters
  2 spriggan berserkers
  14 deep elf knights
  2 wretched stars (Abyss:3)
  Nergalle (Lair:2)
  2 soul eaters
  12 iron trolls
  A sixfirhy (Depths:2)
  A fire crab (Abyss:3)
  6 salamander mystics
  41 deep trolls
  A skyshark (Lair:4)
  3 death drakes (WizLab)
  11 goliath frogs
  Lodul (D:14)
  2 flayed ghosts
  4 spriggan druids
  13 swamp dragons
  7 deep elf archers
  4 glowing orange brains
  4 bog bodies
  An orange crystal statue (Zot:5)
  4 naga ritualists
  3 phantasmal warriors
  7 wizards
  Pikel (D:8)
  9 mana vipers
  9 orc knights
  4 necromancers
  2 stone giant zombies (Vaults:4)
  17 ironbound convokers
  14 lindwurms
  26 deep elf pyromancers
  5 orc sorcerers
  A harpy (Depths:1)
  22 ugly things
  3 wolf spiders (Depths:1)
  10 will-o-the-wisps
  24 salamanders
  26 deep elf zephyrmancers
  2 manticores
  Maurice (D:9)
  21 moths of wrath
  5 cyclopes
  12 guardian serpents
  3 human skeletons (Vaults:4)
  A torpor snail (Lair:4)
  2 elephants (Lair:5)
  16 vault sentinels
  An eye of devastation (shapeshifter) (Depths:4)
  30 black mambas
  3 smoke demons
  5 apocalypse crabs
  14 naga magi
  2 kobold demonologists
  25 cane toads
  An elf skeleton (Vaults:4)
  A gargoyle (D:11)
  An unseen horror (shapeshifter) (D:13)
  An unseen horror (D:13)
  Psyche (D:9)
  A tengu conjurer (Depths:2)
  8 komodo dragons
  A yaktaur zombie (Vaults:4)
  A freezing wraith (D:13)
  2 ancient zymes (Abyss:3)
  21 yaktaurs
  3 efreet
  A yaktaur skeleton (Vaults:4)
  A polar bear (shapeshifter) (D:14)
  13 hornets
  A meliai (shapeshifter) (Elf:2)
  A tyrant leech (shapeshifter) (D:15)
  4 trolls
  A polar bear (Lair:5)
  A wolf spider simulacrum (D:15)
  A wind drake (WizLab)
  Prince Ribbit (D:8)
  Grinder (D:3)
  13 tyrant leeches
  21 blink frogs
  27 dream sheep
  4 raiju (Abyss:3)
  A frost giant simulacrum (Vaults:4)
  30 slime creatures
  A stone giant simulacrum (Vaults:4)
  15 air elementals
  14 spriggans
  A jumping spider (shapeshifter) (Depths:4)
  3 shadows
  A ynoxinul (Abyss:3)
  3 fire bats (Volcano)
  4 wyverns
  4 wraiths
  45 yaks
  A yak (shapeshifter) (Depths:3)
  3 water elementals
  8 fire elementals
  A chaos spawn (Abyss:3)
  5 basilisks
  2 steam dragons
  26 vampire mosquitoes
  4 wargs
  30 nagas
  12 swamp worms
  A swamp worm (shapeshifter) (Depths:1)
  An acid dragon (D:10)
  9 water moccasins
  3 floating eyes
  2 hell hounds (D:14)
  4 large abominations (Abyss:3)
  28 orc warriors
  8 swamp drakes
  A sky beast (D:6)
  3 black bears
  18 ogres
  A boggart (Elf:1)
  8 wolves
  An ice beast (D:7)
  21 centaurs
  8 small abominations (Abyss:3)
  3 lemures
  2 phantoms
  Blork the orc (D:4)
  6 kobold brigands
  14 bullfrogs
  A necrophage (Swamp:2)
  4 scorpions (D:5)
  5 earth elementals
  3 wights (D:7)
  25 killer bees
  3 troll zombies (D:11)
  An electric eel (D:11)
  6 howler monkeys
  A hound (D:5)
  A quasit (Abyss:3)
  20 orc priests
  3 jellies
  2 iron imps (Abyss:3)
  3 gnoll boudas
  An iguana (D:7)
  20 orc wizards
  3 ogre zombies (D:11)
  14 gnolls
  6 adders
  A shadow imp (Abyss:3)
  4 white imps
  An ufetubus (Abyss:3)
  A dart slug (D:3)
  84 orcs
  10 ball pythons
  4 endoplasms
  2 giant cockroaches
  10 goblins
  10 hobgoblins
  4 jackals (D:1)
  6 quokkas
  4 bats
  4 frilled lizards
  A goblin skeleton (D:11)
  2 goblin zombies (D:11)
  A hobgoblin skeleton (D:11)
  2 hobgoblin zombies (D:11)
  31 kobolds
  An orc skeleton (D:11)
  12 orc zombies (D:11)
  10 rats
  A starspawn tentacle (Abyss:3)
1862 creatures vanquished.

Vanquished Creatures (collateral kills)
  A caustic shrike (Depths:3)
  2 tentacled monstrosities
  An Orb Guardian (Zot:5)
  Gastronok (D:8)
  A storm dragon (Zot:5)
  A fire giant (Depths:2)
  2 purple draconians (Zot:1)
  A bunyip (Swamp:3)
  An ice dragon (Depths:2)
  A glowing orange brain (Depths:2)
  A will-o-the-wisp (Swamp:3)
  3 moths of wrath
  2 elephants (Lair:5)
  An apocalypse crab (WizLab)
  A cane toad (Lair:5)
  A blink frog (Lair:5)
  A slime creature (Lair:3)
  A chaos spawn (Abyss:3)
  A vampire mosquito (D:11)
  A swamp worm (Swamp:1)
  A hell hound (Volcano)
  A water moccasin (Lair:5)
  A swamp drake (Swamp:4)
  A centaur (Volcano)
  An orc (D:8)
30 creatures vanquished.

Vanquished Creatures (others)
  A sun demon (Depths:4)
  An apocalypse crab (WizLab)
  2 bloated husks (Swamp:1)
  2 air elementals
  A human (Swamp:1)
  25 foxfires
  A lurking horror (Abyss:3)
  6 starspawn tentacles
  4 tentacles (Abyss:3)
43 creatures vanquished.

Grand Total: 1935 creatures vanquished

Notes
Turn   | Place    | Note
-------+----------+-------------------------------------------
     0 | D:1      | ragingrage the Vine Stalker Venom Mage began the quest for
                  | the Orb.
     0 | D:1      | Reached XP level 1. HP: 9/9 MP: 4/4
   284 | D:1      | Reached XP level 2. HP: 13/13 MP: 0/6
   513 | D:1      | Learned a level 2 spell: Poisonous Vapours
   777 | D:1      | Noticed a shining eye
   779 | D:1      | Reached XP level 3. HP: 16/16 MP: 5/7
   780 | D:1      | Found a faded altar of an unknown god.
   799 | D:1      | Noticed a floating eye
   799 | D:1      | Noticed a great orb of eyes
   799 | D:1      | Noticed a golden eye
   814 | D:1      | Prayed at the altar of an unknown god.
   814 | D:1      | Became a worshipper of Makhleb the Destroyer
   814 | D:1      | Reached * piety under Makhleb
  1142 | D:1      | Reached skill level 1 in Air Magic
  2477 | D:3      | Gained mutation: Your natural rate of healing is unusually
                  | fast. [Vine Stalker growth]
  2477 | D:3      | Reached XP level 4. HP: 21/21 MP: 8/8
  2691 | D:3      | Noticed Grinder
  2891 | D:3      | Learned a level 3 spell: Mephitic Cloud
  3033 | D:3      | Found an ancient bone altar of Kikubaaqudgha.
  3181 | D:4      | Noticed Blork the orc
  3181 | D:4      | Noticed an ogre
  3241 | D:4      | Killed Blork the orc
  3241 | D:4      | Reached ** piety under Makhleb
  3242 | D:4      | Reached skill level 1 in Short Blades
  3242 | D:4      | Reached XP level 5. HP: 24/24 MP: 5/9
  3498 | D:4      | Found a sacrificial altar of Ru.
  3744 | D:4      | Reached XP level 6. HP: 28/28 MP: 1/10
  4067 | D:4      | Reached skill level 1 in Invocations
  4489 | D:5      | Entered Level 5 of the Dungeon
  4619 | D:5      | Found a basalt altar of Yredelemnul.
  4658 | D:5      | Noticed a water moccasin
  4677 | D:5      | Killed a water moccasin
  4678 | D:5      | Reached skill level 1 in Conjurations
  4678 | D:5      | Reached skill level 5 in Poison Magic
  4678 | D:5      | Reached XP level 7. HP: 20/32 MP: 12/12
  4868 | D:5      | Found a staircase to the Ecumenical Temple.
  5061 | D:5      | Learned a level 2 spell: Wereblood
  5732 | D:6      | Gained mutation: You have razor-sharp teeth. [Vine Stalker
                  | growth]
  5732 | D:6      | Reached XP level 8. HP: 25/36 MP: 3/13
  5913 | D:6      | Reached skill level 2 in Invocations
  6130 | D:6      | Reached *** piety under Makhleb
  6141 | D:6      | Reached skill level 3 in Invocations
  7658 | D:6      | Reached skill level 1 in Evocations
  7658 | D:6      | Reached XP level 9. HP: 39/39 MP: 1/15
  8935 | D:7      | Found a hide-covered altar of Uskayaw.
  9124 | D:7      | Reached skill level 4 in Invocations
  9744 | D:8      | Noticed Prince Ribbit
  9758 | D:8      | Killed Prince Ribbit
  9759 | D:8      | Reached skill level 5 in Short Blades
  9827 | D:8      | Noticed Gastronok
  9873 | D:8      | Noticed Pikel
 10075 | D:9      | Reached skill level 5 in Dodging
 10075 | D:9      | Reached XP level 10. HP: 41/44 MP: 10/17
 10534 | D:8      | Killed Pikel
 10955 | D:9      | Reached **** piety under Makhleb
 11825 | D:9      | Reached skill level 1 in Fighting
 12088 | D:9      | Noticed Maurice
 12107 | D:9      | Killed Maurice
 12224 | D:9      | Noticed a two-headed ogre
 13327 | D:9      | Killed a two-headed ogre
 13591 | D:9      | Reached skill level 1 in Armour
 13591 | D:9      | Reached XP level 11. HP: 51/51 MP: 7/19
 13870 | D:9      | Noticed Psyche
 13885 | D:9      | Killed Psyche
 13886 | D:9      | Reached skill level 5 in Spellcasting
 14137 | D:9      | Noticed a cyclops
 14138 | D:9      | Found a runed translucent door.
 14140 | D:9      | Noticed a boulder beetle
 14140 | D:9      | Noticed a cyclops
 14140 | D:9      | Noticed a centaur warrior
 14140 | D:9      | Noticed a manticore
 14140 | D:9      | Noticed a death knight
 14489 | D:10     | Entered Level 10 of the Dungeon
 14767 | D:9      | Learned a level 4 spell: Olgreb's Toxic Radiance
 15091 | D:10     | Noticed Fannar
 15110 | D:10     | Killed Fannar
 17130 | D:11     | Noticed a purple ugly thing
 17151 | D:11     | Killed a purple ugly thing
 17152 | D:11     | Reached skill level 5 in Evocations
 17414 | D:11     | Noticed a manticore
 18021 | D:8      | Killed Gastronok
 18540 | D:3      | Killed Grinder
 19380 | D:11     | Found a staircase to the Orcish Mines.
 20043 | D:11     | Identified the +0 scale mail of Divine Compulsion {+Blink
                  | rC+ Will+++ Dex-4}
 20111 | D:11     | Noticed a cyclops
 20117 | D:11     | Killed a cyclops
 20118 | D:11     | Reached XP level 12. HP: 56/56 MP: 20/20
 20183 | D:11     | Found a staircase to the Lair.
 20204 | Lair:1   | Entered Level 1 of the Lair of Beasts
 20207 | Lair:1   | Identified the +9 glaive "Xezainwe" {speed, rF+ Dex+3 SInv}
 20399 | Lair:1   | Noticed a catoblepas
 20412 | Lair:1   | Reached skill level 10 in Dodging
 20425 | Lair:1   | Killed a catoblepas
 22481 | Lair:2   | Noticed Nergalle
 22643 | Lair:2   | Reached skill level 10 in Short Blades
 23081 | Lair:3   | Found a dark tunnel.
 23139 | Volcano  | Entered a volcano
 23299 | Volcano  | Reached skill level 5 in Fighting
 24055 | Lair:3   | Reached XP level 13. HP: 62/63 MP: 22/22
 24100 | Lair:3   | Reached skill level 5 in Stealth
 24290 | Lair:4   | Reached ***** piety under Makhleb
 24442 | Lair:4   | Found a staircase to the Slime Pits.
 24955 | Lair:4   | Reached skill level 5 in Invocations
 26620 | Lair:4   | Reached skill level 6 in Invocations
 26770 | Lair:5   | Entered Level 5 of the Lair of Beasts
 26860 | Lair:5   | Reached skill level 7 in Invocations
 26921 | Lair:5   | Reached skill level 8 in Invocations
 27533 | Lair:4   | Reached skill level 9 in Invocations
 27590 | Lair:5   | Reached XP level 14. HP: 72/72 MP: 24/24
 29433 | Lair:5   | Identified the +5 ring mail "Hoidd" {rPois Regen+ Str-3
                  | Int+5}
 29498 | Lair:5   | Identified the +6 short sword of Shrieking Terror {freeze,
                  | Will++}
 30229 | Lair:2   | Reached skill level 10 in Invocations
 30279 | Lair:2   | Found a staircase to the Snake Pit.
 30421 | Lair:2   | Reached skill level 5 in Armour
 30453 | Lair:2   | Found a staircase to the Swamp.
 30790 | Lair:2   | Killed Nergalle
 31618 | Orc:1    | Entered Level 1 of the Orcish Mines
 31618 | Orc:1    | Found Ylidaer's Jewellery Shop.
 31669 | Orc:1    | Upgraded the game from 0.30.0-5-g1a98f26d00 to
                  | 0.30.0-10-gfe55d96785
 31743 | Orc:1    | Found Hiutios's Magic Scroll Shoppe.
 31756 | Orc:1    | Bought a scroll of magic mapping for 112 gold pieces
 32080 | Orc:2    | Entered Level 2 of the Orcish Mines
 32305 | Orc:1    | Found Finkonn's Book Shoppe.
 32516 | Orc:1    | Bought an Everburning Encyclopedia for 468 gold pieces
 32520 | Orc:1    | Learned a level 3 spell: Ignite Poison
 32737 | Orc:2    | Found Cuosal's Jewellery Shoppe.
 32747 | Orc:2    | Reached ****** piety under Makhleb
 32782 | Orc:2    | Found a staircase to the Elven Halls.
 32822 | Orc:2    | Reached skill level 1 in Fire Magic
 33251 | Orc:2    | Found Beisez's Antique Armour Shop.
 33319 | Orc:2    | Reached XP level 15. HP: 75/75 MP: 16/25
 33321 | Orc:2    | Noticed Saint Roka
 33354 | Orc:2    | Killed Saint Roka
 33438 | Orc:2    | Found Jaem's Antique Armour Shoppe.
 33451 | Orc:2    | Found Cirixu Zoi's Antique Weapon Emporium.
 33493 | Orc:2    | Bought a pair of runed gloves for 255 gold pieces
 33575 | Orc:2    | Noticed Jorgrun
 33619 | Orc:2    | Killed Jorgrun
 33706 | Orc:2    | Bought an ancient dagger for 217 gold pieces
 33706 | Orc:2    | Identified the +8 dagger of Nappigu {venom, rC+} (You
                  | bought it in a shop on level 2 of the Orcish Mines)
 33797 | Orc:1    | Bought a scroll of brand weapon for 142 gold pieces
 34058 | Orc:1    | Found Borunnar's Antique Weapon Shop.
 34494 | D:12     | Reached skill level 5 in Transmutations
 34685 | D:13     | Noticed Lyung's ghost (journeyman DsCj)
 34814 | D:13     | Found a runed translucent gate.
 34814 | D:13     | Found a runed translucent gate.
 34814 | D:13     | Found a runed translucent gate.
 35049 | D:13     | Found a blossoming altar of Fedhas.
 35146 | D:13     | Reached skill level 11 in Invocations
 35275 | D:13     | Reached skill level 10 in Evocations
 35836 | D:14     | Found a shimmering blue altar of Sif Muna.
 36073 | D:14     | Noticed Azrael
 36408 | D:14     | Killed Azrael
 36538 | D:14     | Noticed Lodul
 36541 | D:14     | Killed Lodul
 36890 | D:14     | Reached skill level 12 in Invocations
 36915 | D:14     | Found a gate to the Vaults.
 36949 | D:15     | Entered Level 15 of the Dungeon
 37499 | Snake:1  | Entered Level 1 of the Snake Pit
 37572 | Snake:1  | Reached skill level 10 in Poison Magic
 37757 | Snake:1  | Noticed Nikola
 37779 | Snake:1  | Killed Nikola
 37780 | Snake:1  | Reached XP level 16. HP: 50/80 MP: 13/26
 37825 | Snake:1  | Reached skill level 13 in Invocations
 38836 | Snake:2  | You fall into a shaft and drop 1 floor!
 39003 | Snake:3  | Found Taoffar's Gadget Gallery.
 39018 | Snake:3  | Bought a phial of floods for 600 gold pieces
 39018 | Snake:3  | Bought a condenser vane for 600 gold pieces
 39410 | Snake:3  | Reached skill level 1 in Shields
 39757 | Snake:4  | Entered Level 4 of the Snake Pit
 40004 | Snake:4  | Reached skill level 10 in Fighting
 40206 | Snake:4  | Reached XP level 17. HP: 89/89 MP: 29/29
 40411 | Snake:4  | Found a runed translucent gate.
 40411 | Snake:4  | Found a runed translucent gate.
 40411 | Snake:4  | Found a runed translucent gate.
 40450 | Snake:4  | Noticed wjtupper's ghost (adept MiHu)
 40450 | Snake:4  | Noticed mif's ghost (journeyman MiBe)
 40453 | Snake:4  | Noticed Sagen's ghost (adept DrCj)
 40454 | Snake:4  | Noticed bungle's ghost (adept DjCj)
 41185 | Swamp:1  | Entered Level 1 of the Swamp
 41203 | Swamp:1  | Noticed Mlioglotl
 41204 | Swamp:1  | Noticed Frances
 41232 | Swamp:1  | Killed Frances
 41595 | Swamp:1  | Killed Mlioglotl
 41709 | Swamp:1  | Noticed Kirke
 41715 | Swamp:1  | Killed Kirke
 41740 | Swamp:1  | Noticed Louise
 41757 | Swamp:1  | Killed Louise
 41812 | Swamp:1  | Identified a scroll of acquirement
 41813 | Swamp:1  | Acquired 1243 gold pieces
 42015 | Snake:3  | Bought a lightning rod (4/4) for 450 gold pieces
 42331 | Orc:2    | Bought a pair of runed boots for 225 gold pieces
 42708 | Swamp:1  | Noticed Donald
 42714 | Swamp:1  | Killed Donald
 42920 | Swamp:2  | Reached skill level 5 in Shields
 44785 | Swamp:4  | Entered Level 4 of the Swamp
 44844 | Swamp:4  | Reached XP level 18. HP: 93/93 MP: 31/31
 45585 | Swamp:4  | Noticed the 27-headed Lernaean hydra
 45632 | Swamp:4  | Killed the 27-headed Lernaean hydra
 45789 | Swamp:4  | Got a decaying rune of Zot
 46137 | Elf:1    | Entered Level 1 of the Elven Halls
 46243 | Elf:1    | Paralysed by an air elemental for 1 turns
 46437 | Elf:1    | Learned a level 2 spell: Blink
 46514 | Elf:1    | Paralysed by an air elemental for 1 turns
 46518 | Elf:1    | Paralysed by an air elemental for 1 turns
 46538 | Elf:1    | Reached skill level 1 in Translocations
 46552 | Abyss:3  | Cast into level 3 of the Abyss (+1 short sword of
                  | distortion)
 46806 | Abyss:3  | Found a corrupted altar of Lugonu.
 47078 | Abyss:3  | Noticed a tentacled monstrosity
 47095 | Abyss:3  | Killed a tentacled monstrosity
 47096 | Abyss:3  | Reached XP level 19. HP: 82/97 MP: 27/32
 47109 | Abyss:3  | Reached skill level 10 in Shields
 47119 | Abyss:3  | Noticed a tentacled monstrosity
 47131 | Abyss:3  | Killed a tentacled monstrosity
 47142 | Abyss:3  | Got an abyssal rune of Zot
 47157 | Elf:1    | Escaped the Abyss
 47258 | Elf:1    | Paralysed by an air elemental for 1 turns
 48038 | Elf:2    | Found a runed translucent gate.
 48038 | Elf:2    | Found a runed translucent gate.
 48038 | Elf:2    | Found a runed translucent gate.
 48120 | Elf:2    | Paralysed by an air elemental for 1 turns
 48267 | Elf:2    | Paralysed by an air elemental for 1 turns
 48271 | Elf:2    | Paralysed by an air elemental for 1 turns
 48278 | Elf:2    | Paralysed by an air elemental for 1 turns
 48285 | Elf:2    | Reached skill level 5 in Translocations
 48290 | Elf:2    | Found Atellae's Antique Armour Shop.
 48483 | Elf:2    | Paralysed by an air elemental for 1 turns
 48485 | Elf:2    | Paralysed by an air elemental for 1 turns
 48521 | Elf:2    | Found Caepto's General Store.
 48525 | Elf:2    | Found Domat's Weapon Boutique.
 48531 | Elf:2    | Found Ynguer's Antique Weapon Shop.
 48543 | Elf:2    | Bought a pair of heavily runed gloves for 228 gold pieces
 48543 | Elf:2    | Identified the +2 pair of gloves of Insatiable Hunger
                  | {Int+4} (You bought it in a shop on level 2 of the Elven
                  | Halls)
 48544 | Elf:2    | Bought a brightly glowing ring mail for 216 gold pieces
 48544 | Elf:2    | Identified the +5 ring mail "Rohul" {Rampage} (You bought
                  | it in a shop on level 2 of the Elven Halls)
 48644 | Elf:3    | Entered Level 3 of the Elven Halls
 49208 | Elf:3    | Identified the ring "Ixtimmu" {Fly rN+ Slay+2}
 49340 | Elf:3    | Identified the ring of Equivalence {rC+ rN++ Will+}
 49537 | Elf:3    | Identified the +10 scimitar of Gualix {heavy, Str+4 Dex+2}
 49537 | Elf:3    | Paralysed by an air elemental for 1 turns
 49541 | Elf:3    | Paralysed by an air elemental for 1 turns
 49703 | Elf:3    | Identified the +1 ring mail of Deshratsai {Will+}
 49884 | Elf:3    | Identified the +2 rapier "Piets" {flame, rF+ MP+9}
 49891 | Elf:3    | Reached XP level 20. HP: 33/102 MP: 1/34
 49913 | Elf:3    | Reached skill level 10 in Spellcasting
 49952 | Elf:3    | Identified the ring "Wuabaon" {Fly rPois Dex+4}
 49982 | Elf:3    | Noticed a Brimstone Fiend
 50167 | Elf:3    | Identified the staff of fire "Caew" {rF+ rN+ Will+ rCorr
                  | Dex-5}
 50217 | Elf:3    | Found the +18 shield of the Gong {Loud rN+ Will+ rCorr
                  | EV-5}
 50223 | Elf:3    | Identified the staff of earth "Quth" {rCorr}
 50402 | Elf:3    | Found Urajub's General Store.
 50413 | Elf:3    | Found Fenwamm's Antique Armour Shop.
 50415 | Elf:3    | Found Heomijus's Distillery.
 50421 | Elf:3    | Bought an encrusted kite shield for 408 gold pieces
 50421 | Elf:3    | Identified the +1 kite shield of True Grit {Regen+ MP+9
                  | SInv} (You bought it in a shop on level 3 of the Elven
                  | Halls)
 50502 | Elf:3    | Found Vuamaun's Armour Emporium.
 50511 | Elf:3    | Bought a +1 buckler of fire resistance for 346 gold pieces
 51179 | D:15     | Noticed Nessos
 51182 | D:15     | Killed Nessos
 51395 | D:15     | Identified the +2 helmet of Absolutism {rC++}
 51425 | D:15     | Identified the +9 hand axe of Bread {speed, rCorr}
 51682 | D:15     | Found a staircase to the Depths.
 51821 | D:15     | Learned a level 3 spell: Vhi's Electric Charge
 51824 | D:15     | Learned a level 2 spell: Lesser Beckoning
 52782 | Snake:4  | Got a serpentine rune of Zot
 53145 | Orc:1    | Bought a scroll of enchant weapon for 112 gold pieces
 53341 | Vaults:1 | Entered Level 1 of the Vaults
 54209 | Vaults:1 | Reached skill level 10 in Stealth
 54392 | Vaults:1 | Reached XP level 21. HP: 108/108 MP: 35/37
 54576 | Vaults:2 | Found a flickering gateway to a bazaar.
 54593 | Bazaar   | Entered a bazaar
 54607 | Bazaar   | Found Catwuef's Assorted Antiques.
 54607 | Bazaar   | Found Aneysurph's Jewellery Emporium.
 54642 | Bazaar   | Found Macech's Armour Shoppe.
 54642 | Bazaar   | Found Noebles's Antique Weapon Emporium.
 54722 | Bazaar   | Bought a scroll of enchant weapon for 157 gold pieces
 54722 | Bazaar   | Bought a scroll of enchant weapon for 157 gold pieces
 54724 | Bazaar   | Bought a scroll of summoning for 199 gold pieces
 54952 | Vaults:2 | Reached skill level 14 in Invocations
 55220 | Vaults:2 | Reached skill level 15 in Evocations
 56379 | Vaults:3 | Found Vikee's Assorted Antiques.
 56435 | Vaults:3 | You fall into a shaft and drop 1 floor!
 56660 | Vaults:3 | Found a staircase to the Crypt.
 56776 | Vaults:3 | Acquired 389 gold pieces
 57301 | Vaults:4 | Reached XP level 22. HP: 104/119 MP: 39/39
 58001 | Vaults:4 | Identified the +7 dagger "Newtbane" {elec, rElec rF+ rC++
                  | Stlth-}
 58298 | Depths:1 | Entered Level 1 of the Depths
 58640 | Depths:1 | Gained mutation: Your body sometimes deteriorates upon
                  | taking damage. [a shining eye]
 58641 | Depths:1 | Gained mutation: You occasionally lose the ability to read
                  | scrolls when taking damage. [a shining eye]
 58648 | Depths:1 | Lost mutation: Your body sometimes deteriorates upon taking
                  | damage. [potion of mutation]
 58648 | Depths:1 | Lost mutation: You occasionally lose the ability to read
                  | scrolls when taking damage. [potion of mutation]
 58648 | Depths:1 | Gained mutation: You heal very quickly. [potion of
                  | mutation]
 58763 | Depths:1 | Found an opulent altar of Gozag.
 58977 | Depths:1 | Found a gateway to Hell.
 59119 | Depths:1 | Identified the +2 hand axe of Woe {freeze, rElec rC+}
 59249 | Depths:1 | Found an ancient bone altar of Kikubaaqudgha.
 59519 | Depths:2 | Noticed a golden dragon
 59527 | Depths:2 | Noticed a juggernaut
 59551 | Depths:1 | Killed a golden dragon
 59597 | Depths:2 | Noticed a caustic shrike
 59611 | Depths:1 | Killed a caustic shrike
 59798 | Depths:2 | Noticed a golden dragon
 60214 | Depths:2 | Paralysed by a floating eye for 2 turns
 60216 | Depths:2 | Identified the +3 glaive of Loxiumoi {protect, rPois rN+
                  | Dex+5 SInv}
 60216 | Depths:2 | Identified the ring "Meriobao" {Str-5 Dex+4 SInv}
 60274 | Depths:2 | Paralysed by a floating eye for 2 turns
 60328 | Depths:1 | Killed a golden dragon
 60382 | Depths:2 | Identified the +1 trident "Lyruill" {flame, Fly rC+ Will+}
 60610 | Depths:2 | Reached XP level 23. HP: 125/125 MP: 40/40
 60675 | Depths:2 | Killed a juggernaut
 60876 | Depths:2 | Identified the +4 falchion of Compound Interest {heavy,
                  | Will+ Str+2 Int+4}
 61045 | Depths:2 | Found a one-way gate leading to the halls of Pandemonium.
 61120 | Depths:2 | Found a one-way gateway to a ziggurat.
 61559 | Depths:3 | Found a one-way gate to the infinite horrors of the Abyss.
 61616 | Depths:3 | Found a magical portal.
 61626 | WizLab   | Entered The Chambers of the Cloud Mage
 61643 | WizLab   | Paralysed by an air elemental for 1 turns
 61648 | WizLab   | Paralysed by an air elemental for 1 turns
 61663 | WizLab   | Paralysed by an air elemental for 1 turns
 61674 | WizLab   | Paralysed by an air elemental for 1 turns
 61700 | WizLab   | Paralysed by an air elemental for 1 turns
 61724 | WizLab   | Paralysed by you for 2 turns
 61849 | WizLab   | Reached skill level 5 in Air Magic
 61856 | WizLab   | Paralysed by an air elemental for 1 turns
 61959 | WizLab   | Paralysed by you for 4 turns
 61970 | WizLab   | Reached skill level 15 in Fighting
 62006 | WizLab   | Paralysed by an air elemental for 1 turns
 62034 | WizLab   | Paralysed by you for 5 turns
 62037 | WizLab   | Noticed Xallipt
 62044 | WizLab   | Paralysed by an air elemental for 1 turns
 62047 | WizLab   | Killed Xallipt the Cloud Mage
 62092 | WizLab   | Identified the +0 scimitar "Bustroe" {freeze, rElec rPois
                  | Str-5 Dex-5}
 62099 | WizLab   | Got the Octavo of Fumes
 62323 | Depths:3 | Found a shimmering blue altar of Sif Muna.
 62352 | Depths:3 | Acquired 260 gold pieces
 62563 | Depths:3 | Reached skill level 15 in Invocations
 62646 | Depths:3 | Noticed Mara
 62653 | Depths:3 | Noticed ragingrage's illusion
 62671 | Depths:3 | Killed Mara
 62946 | Orc:1    | Bought a book of Geomancy for 234 gold pieces
 62949 | Orc:1    | Learned a level 2 spell: Passwall
 63415 | Depths:3 | Reached skill level 1 in Earth Magic
 63426 | Depths:3 | Noticed a caustic shrike
 63428 | Depths:3 | Noticed a juggernaut
 63433 | Depths:3 | Killed a caustic shrike
 63437 | Depths:3 | Killed a juggernaut
 63483 | Depths:3 | Noticed a caustic shrike
 63494 | Depths:3 | Killed a caustic shrike
 63593 | Depths:3 | Identified the +8 plate armour of the Hidden Vale {rF- rN+
                  | Will++ Int+3}
 64017 | Depths:4 | Entered Level 4 of the Depths
 64079 | Depths:4 | Reached XP level 24. HP: 131/131 MP: 12/41
 64502 | Depths:4 | Found a gate to the Realm of Zot.
 64878 | Depths:4 | Noticed Xtahua
 64909 | Depths:4 | Reached skill level 16 in Invocations
 64921 | Depths:4 | Killed Xtahua
 65502 | Vaults:3 | Bought a potion of haste for 360 gold pieces
 65502 | Vaults:3 | Bought a scroll of magic mapping for 270 gold pieces
 65896 | Elf:2    | Bought a scroll of magic mapping for 142 gold pieces
 66270 | Zot:1    | Entered Level 1 of the Realm of Zot
 66562 | Zot:1    | Noticed an orb of fire
 66587 | Zot:1    | Gained mutation: Your spells are a little easier to cast,
                  | but a little less powerful. [an orb of fire]
 66594 | Zot:1    | Killed an orb of fire
 66635 | Depths:4 | Reached skill level 17 in Invocations
 67027 | Elf:3    | Bought an embroidered cloak for 322 gold pieces
 67720 | Zot:1    | You are sucked into a shaft and drop 1 floor!
 68096 | Zot:3    | Noticed Parghit
 68106 | Zot:3    | Killed Parghit
 68902 | Zot:3    | Reached XP level 25. HP: 135/136 MP: 41/41
 68995 | Zot:4    | Reached skill level 15 in Stealth
 69135 | Zot:3    | Identified the staff of fire "Vus Uda" {rF+ Will+}
 69336 | Zot:3    | Noticed an orb of fire
 69634 | Zot:4    | Got the Thoughts on Arcane Combat
 69671 | Zot:5    | Entered Level 5 of the Realm of Zot
 70232 | Zot:5    | Noticed a Killer Klown
 70251 | Zot:5    | Killed a Killer Klown
 70269 | Zot:5    | Noticed a dread lich
 70803 | Orc:1    | Bought a book of Misfortune for 468 gold pieces
 70809 | Orc:1    | Learned a level 5 spell: Yara's Violent Unravelling
 71267 | Zot:5    | Reached skill level 1 in Hexes
 71492 | Zot:5    | Noticed an ancient lich
 71529 | Zot:5    | Killed an ancient lich
 71906 | Zot:5    | Noticed a dread lich
 71937 | Zot:5    | Killed a dread lich
 71968 | Zot:5    | Noticed a Killer Klown
 71979 | Zot:5    | Killed a Killer Klown
 72119 | Zot:5    | Noticed an orb of fire
 72123 | Zot:5    | Gained mutation: You are dopey. (Int -2) [an orb of fire]
 72136 | Zot:5    | Noticed a Killer Klown
 72146 | Zot:5    | Killed an orb of fire
 72155 | Zot:5    | Killed a Killer Klown
 72156 | Zot:5    | Reached skill level 5 in Hexes
 72175 | Zot:5    | Noticed an ancient lich
 72255 | Zot:5    | Killed an ancient lich
 72325 | Zot:5    | Noticed an ancient lich
 72339 | Zot:5    | Killed an ancient lich
 72385 | Zot:5    | Noticed an orb of fire
 72389 | Zot:5    | Gained mutation: Your magical capacity is low. (-10% MP)
                  | [an orb of fire]
 72392 | Zot:5    | Killed an orb of fire
 72409 | Zot:5    | Noticed an orb of fire
 72418 | Zot:5    | Noticed a Killer Klown
 72419 | Zot:5    | Gained mutation: You are very dopey. (Int -4) [an orb of
                  | fire]
 72425 | Zot:5    | Killed an orb of fire
 72429 | Zot:5    | Slain by an Orb Guardian

Illustrated notes

Levels and vault maps discovered:
D:1:      nicolae_arrival_memento_mori, layout_loops_corners,
          hellmonk_ecumenical_altar_watching_god,
          minmay_misc_feat_secret_circle, minmay_box_of_dots
D:2:      layout_basic
D:3:      layout_basic, mainiacjoe_overflow_brackets, uniq_grinder
D:4:      layout_cave_pools, mainiacjoe_overflow_boulevard, uniq_blork_the_orc
D:5:      layout_rooms, lemuel_crystal_altar, minmay_temple_entry_antechambers
D:6:      layout_loops_ring
D:7:      layout_cave_pods, nicolae_uskayaw_dance_studio, minmay_manual_mares
D:8:      layout_cave_pools, kennysheep_generic_room_3, uniq_gastronok,
          uniq_prince_ribbit1, uniq_pikel
D:9:      minmay_gate_of_8, layout_loops_ring, serial_rivers,
          chequers_serial_rivers_micro_e, chequers_serial_rivers_micro_b,
          chequers_serial_rivers_room_b, chequers_serial_rivers_micro_a,
          chequers_serial_rivers_room_b, uniq_psyche, uniq_maurice
D:10:     layout_basic, uniq_fannar
D:11:     layout_irregular_city, lair_entry_dummy, zombieorc1_lemuel,
          lightli_minifort
D:12:     layout_cave_pods
D:13:     layout_roguey, maelrawn_ghost_gauntlet_escape, fedhas_altar_3
D:14:     layout_irregular_city, david_vaults_5, lemuel_crystal_altar,
          uniq_azrael, uniq_lodul
D:15:     gammafunk_enter_depths_forms, layout_irregular_city, minivault_11,
          evilmike_butchery, uniq_nessos
Lair:1:   layout_cave_pods, chequers_serial_rivers_room_a
Lair:2:   layout_small_grid, swamp_mist, guppyfry_snake_entry_garden,
          uniq_nergalle
Lair:3:   layout_small_grid, nicolae_volcano_entry_vermiform
Lair:4:   nzn_winding_woodlands_medium [nzn_winding_woodlands_5x5_three,
          nzn_winding_woodlands_5x15_pool, nzn_winding_woodlands_5x5_default,
          nzn_winding_woodlands_5x5_checkerboard,
          nzn_winding_woodlands_center_diamonds,
          nzn_winding_woodlands_5x5_cross, nzn_winding_woodlands_5x5_open_star,
          nzn_winding_woodlands_5x15_split_checker,
          nzn_winding_woodlands_5x5_default], layout_cellular_growth,
          minmay_slime_entry_pillars
Lair:5:   minmay_lair_end_frog_pond, layout_small_grid,
          infiniplex_staircase_pool, lemuel_fruit_tree
Swamp:1:  layout_falls_marsh, evilmike_swamp_ruin_rubble_1, uniq_donald,
          uniq_mlioglotl, uniq_kirke, uniq_frances, uniq_louise
Swamp:2:  layout_basic_swamp, hangedman_swamp_blocks,
          nicolae_swamp_catching_bugs
Swamp:3:  layout_basic_swamp, nicolae_swamp_fairy_circle
Swamp:4:  swamp_old_school, layout_basic_swamp
Snake:1:  layout_honeycomb, uniq_nikola
Snake:2:  layout_layer_cave
Snake:3:  layout_concentric_octagons, nicolae_shop_gadgets
Snake:4:  snake_pit_salamanders_mu, layout_misc_corridors,
          gammafunk_ghost_cemetery, guppyfry_library_mini
Orc:1:    layout_diamond_mine, serial_shops, shop, nicolae_book_shop_shelving,
          nicolae_shop_peninsula, shop
Orc:2:    grunt_orc_community_town_hall, layout_caves,
          grunt_orc_community_big_house_2, grunt_orc_community_big_house_1,
          grunt_orc_community_house_2, grunt_orc_community_house_3,
          grunt_orc_community_house_2, grunt_orc_community_house_3,
          grunt_orc_community_house_3, grunt_orc_community_house_1, uniq_jorgrun
Elf:1:    layout_loops_cross, hangedman_elf_disciples, minivault_28
Elf:2:    elven_hall_of_blades_hangedman_original
          [nicolae_blade_entry_hurt_lockers], layout_geoelf_diagonals,
          nicolae_elf_glassroom_feature, minmay_shoptagon
Elf:3:    nooodl_elf_gasket, layout_loops_cross, serial_shops, shop,
          minmay_shop_star
Vaults:1: nicolae_vaults_security_offices_6, v_misc_16, vaults_room_ringed_pool,
          v_rooms_3, nicolae_vaults_house_1, nicolae_vaults_bisected_exclaves,
          nicolae_vaults_triangles, vaults_dpeg_spiral,
          nicolae_vaults_trapezoid_lopsided_4, nicolae_vaults_storage_closets_2,
          layout_vaults_omnibox
Vaults:2: nicolae_vaults_theta, nicolae_vaults_minivaults,
          nicolae_vaults_trapezoid_lopsided_2, ontoclasm_vaults_twist, v_misc_1,
          layout_vaults_omnigrid, serial_shops, bzr_entry_dummy
Vaults:3: nicolae_vaults_sightless_eye, vaults_mumra_hex, v_misc_12,
          minmay_crypt_entry_simple_round, v_misc_9,
          nicolae_vaults_back_hallway, nicolae_vaults_tetromino_T_2,
          nicolae_vaults_weapon_check, grunt_vaults_hallway_long,
          layout_vaults_ring, serial_shops, shop
Vaults:4: nicolae_vaults_tetromino_T_1, v_misc_11,
          nicolae_vaults_oval_intersection, nicolae_vaults_enemy_cabinets,
          v_misc_15, vaults_dpeg_ring, nicolae_vaults_house_2, v_rooms_2,
          serial_ice_g, layout_vaults_big_room
Depths:1: hangedman_hanging_gardens, layout_basic, hell_entry,
          kiku_gazebo_pond_becter, minmay_misc_feat_cross,
          nicolae_gozag_cash_rules_everything_around_me
Depths:2: minmay_the_grid_octo_tiled_octocenter_mashed
          [minmay_the_grid_octo_tetromino_candy, minmay_the_grid_octo_77,
          minmay_the_grid_octo_clover_2, minmay_the_grid_octo_clover,
          minmay_the_grid_octo_prize_ultimate_mussel_roller,
          minmay_the_grid_square_5x5_shuriken, minmay_the_grid_square_5x5_seven,
          minmay_the_grid_square_5x5_pentomino_r,
          minmay_the_grid_square_5x5_corner], layout_cave_pools,
          enter_ziggurat_c, hangedman_coc_ice_floe,
          serial_sigils_hangedman_shear, rand_demon_pan_entry_5,
          infiniplex_staircase_trident
Depths:3: minmay_concentric_multi, layout_gridlike,
          infiniplex_enter_wizlab_spiral, pf_hell_entry_tar_spiral,
          nicolae_abyss_entry_one_way_or_another, nicolae_sif_muna_condensation,
          serial_bayou_pond_d, uniq_mara
Depths:4: evilmike_zot_entry_diamond, layout_honeycomb, serial_bayou_pond_b,
          hellmouth_1, minmay_misc_feat_iff, uniq_xtahua
Zot:1:    gammafunk_dig_for_victory, layout_misc_corridors, st_stairs_3,
          grunt_ministairs_9, lemuel_golem_globe
Zot:2:    layout_gridlike, bh_zot_lava_cross
Zot:3:    layout_twisted_circle, grunt_ministairs_9,
          hangedman_elemental_grid_stream, uniq_parghit
Zot:4:    layout_cellular_growth, nicolae_shop_clearance, grunt_megastairs_2
Zot:5:    layout_twisted_circle, gammafunk_ghost_tricky_traps

Skill      XL: |  1  2  3  4  5  6  7  8  9 10 11 12 13 14 15 16 17 18 19 20 21 22 23 24 25 |
---------------+----------------------------------------------------------------------------+-----
Transmutations | 2 3 4 5 6 8 |  8.0
Air Magic      | 1 2 3 4 5 |  5.0
Poison Magic   | 4 5 6 7 8 10 11 | 11.0
Short Blades   | 1 2 3 4 5 7 8 10 11 12 13 | 13.0
Stealth        | 3 4 6 8 10 12 14 16 | 16.0
Invocations    | 1 3 4 9 10 12 13 14 15 17 | 17.0
Spellcasting   | 3 4 5 6 7 8 9 11 12 13 14 | 14.0
Conjurations   | 1 2 3 |  3.0
Dodging        | 2 5 7 9 12 14 | 14.0
Evocations     | 1 3 4 5 6 9 10 12 14 15 16 | 16.0
Fighting       | 2 3 5 7 10 13 14 15 16 | 16.0
Armour         | 1 3 5 6 7 9 |  9.5
Fire Magic     | 1 4 |  4.0
Shields        | 2 7 9 11 12 13 14 | 14.8
Translocations | 2 5 6 7 |  7.0
Earth Magic    | 3 4 |  4.0
Hexes          | 5 |  5.0

Action                     |  1- 3 |  4- 6 |  7- 9 | 10-12 | 13-15 | 16-18 | 19-21 | 22-24 | 25-27 || total
---------------------------+-------+-------+-------+-------+-------+-------+-------+-------+-------++-------
  Melee: Unarmed           |     5 |       |       |       |       |       |       |       |       ||     5
         Dagger            |    50 |    43 |   177 |   215 |       |       |       |       |       ||   485
         Bite              |    13 |     9 |    59 |   132 |   646 |   969 |   675 |  1200 |   311 ||  4014
         Punch             |     1 |     1 |     1 |       |    12 |    22 |       |       |       ||    37
         Falchion          |       |       |    13 |    80 |       |       |       |       |       ||    93
         Quick blade       |       |       |       |    42 |  1433 |  1808 |   854 |  1864 |   513 ||  6514
         Rapier            |       |       |       |       |       |     2 |   296 |       |       ||   298
  Throw: Throwing net      |       |     2 |       |       |       |       |       |       |       ||     2
         Dart              |       |       |       |       |       |       |       |     2 |       ||     2
   Cast: Sting             |    60 |    36 |    43 |    99 |    92 |       |       |       |       ||   330
         Poisonous Vapours |     6 |    25 |    71 |   146 |   100 |   157 |   196 |   142 |    48 ||   891
         Mephitic Cloud    |       |     2 |    12 |    31 |    15 |     3 |       |       |       ||    63
         Olgreb's Toxic Ra |       |       |       |    17 |    57 |    18 |    43 |    45 |       ||   180
         Wereblood         |       |       |       |     2 |    24 |    26 |    23 |    36 |     9 ||   120
         Ignite Poison     |       |       |       |       |    28 |    90 |   142 |    79 |    24 ||   363
         Vhi's Electric Ch |       |       |       |       |       |       |       |    19 |     7 ||    26
         Passwall          |       |       |       |       |       |       |       |     4 |       ||     4
         Blink             |       |       |       |       |       |       |       |     1 |       ||     1
         Yara's Violent Un |       |       |       |       |       |       |       |       |     1 ||     1
 Invoke: Minor Destruction |       |     2 |       |     3 |       |     3 |     1 |       |       ||     9
         Lesser Servant of |       |       |     1 |     5 |     5 |     3 |     1 |     5 |     1 ||    21
         Major Destruction |       |       |       |       |     2 |     3 |    10 |    13 |       ||    28
         Greater Servant o |       |       |       |       |       |     2 |       |     2 |     4 ||     8
  Evoke: Wand              |       |       |     2 |    10 |    18 |    21 |     2 |    18 |     2 ||    73
         Phantom mirror    |       |       |       |       |     1 |     2 |       |     2 |     1 ||     6
         Condenser vane    |       |       |       |       |       |     2 |     1 |     3 |     1 ||     7
         Phial of floods   |       |       |       |       |       |     1 |     1 |     1 |       ||     3
    Use: Scroll            |       |    10 |     2 |     6 |    11 |    10 |    13 |    13 |     6 ||    71
         Potion            |       |     1 |       |       |     3 |     1 |     1 |     2 |     4 ||    12
   Stab: Sleeping          |     4 |     6 |     3 |     1 |     6 |     9 |     9 |     9 |     2 ||    49
         Confused          |       |     1 |     7 |     8 |     4 |     5 |       |       |       ||    25
         Paralysed         |       |       |       |       |     4 |       |       |     1 |       ||     5
         Distracted        |       |       |       |       |     2 |     4 |     4 |     4 |     5 ||    19
 Armour: Robe              |    14 |     4 |       |    31 |     6 |       |       |       |       ||    55
         Leather armour    |       |     5 |    46 |     7 |       |       |       |       |       ||    58
         Ring mail         |       |       |       |     7 |   247 |   327 |   169 |   501 |    94 ||  1345
  Dodge: Dodged            |    37 |    30 |   116 |   201 |   497 |   760 |   366 |   635 |   139 ||  2781
  Block: Buckler           |       |       |       |       |       |   138 |   252 |   444 |   114 ||   948
